 Dungeon Crawl Stone Soup version 0.32-a0-913-g739538afd8 (webtiles) character file.

Game seed: 3397573977348011737

2770 Adrian566 the Slasher (level 9, -4/68 HPs)
             Began as a Demonspawn Gladiator on Apr 9, 2024.
             Incinerated by a bombardier beetle (6 damage)
             ... with a burning spray
             ... on level 7 of the Dungeon.
             The game lasted 00:06:01 (6136 turns).

Adrian566 the Slasher (Demonspawn Gladiator)        Turns: 6136, Time: 00:06:02

Health: -4/68      AC: 19    Str: 14    XL:     9   Next: 42%
Magic:  9/9        EV: 10    Int:  9    God:
Gold:   246        SH: 10    Dex: 19    Spells: 8/8 levels left

rFire   . . .        a - +0 long sword
rCold   . . .        r - +0 kite shield
rNeg    . . .        m - +0 chain mail
rPois   .            c - +0 helmet
rElec   .            w - +0 cloak
rCorr   .            l - +2 pair of gloves
SInv    .            (no boots)
Will    .....        (no amulet)
Stlth   +            g - +5 ring of evasion
HPRegen 0.31/turn    s - +4 ring of protection
MPRegen 0.11/turn

%: no passive effects
@: on fire, glowing
A: hooves 1, foul stench 2, powered by death 1
a: no special abilities


You were on level 7 of the Dungeon.
You visited 1 branch of the dungeon, and saw 7 of its levels.

You collected 286 gold pieces.
You spent 40 gold pieces at shops.

Inventory:

Hand Weapons
 a - a +0 long sword (weapon)
Missiles
 d - 3 throwing nets (quivered)
 e - a javelin
Armour
 c - a +0 helmet (worn)
 l - a +2 pair of gloves (worn)
 m - a +0 chain mail (worn)
 r - a +0 kite shield (worn)
 w - a +0 cloak (worn)
Jewellery
 g - a +5 ring of evasion (left hand)
 k - a ring of fire
 s - a +4 ring of protection (right hand)
Wands
 p - a wand of flame (19)
 v - a wand of paralysis (3)
Scrolls
 f - 2 scrolls of teleportation
 i - a scroll of fear
 j - 7 scrolls of identify
 n - a scroll of revelation {unknown}
 t - a scroll of enchant armour {unknown}
 u - a scroll of fog
Potions
 b - a potion of mutation
 h - a potion of curing
 o - a potion of enlightenment
 q - a potion of haste {unknown}


   Skills:
 + Level 5.2 Fighting
 + Level 7.7 Long Blades
 + Level 1.9 Throwing
 + Level 4.1 Armour
 + Level 3.6 Dodging
 * Level 5.2 Stealth
 + Level 4.0 Shields


You had 8 spell levels left.
You didn't know any spells.
Your spell library contained the following spells:

 Spells                   Type           Power      Damage    Failure   Level
 Apportation              Tloc           0%         N/A       100%        1
 Necrotise                Necr           0%         1d4       100%        1
 Sting                    Conj/Alch      0%         1d3       100%        1
 Summon Small Mammal      Summ           0%         N/A       100%        1
 Call Canine Familiar     Summ           0%         N/A       100%        3
 Stone Arrow              Conj/Erth      0%         3d7       100%        3
 Teleport Other           Tloc           0%         N/A       100%        3
 Animate Armour           Summ/Erth      0%         N/A       100%        4
 Summon Blazeheart Golem  Fire/Summ      0%         N/A       100%        4
 Summon Lightning Spire   Summ/Air       0%         N/A       100%        4
 Lee's Rapid Deconstruct  Erth           0%         3d4*      100%        5
 Dispersal                Tloc           0%         N/A       100%        6
 Gell's Gavotte           Tloc           0%         2d(11-16) 100%        6
 Lehudib's Crystal Spear  Conj/Erth      0%         10d2      100%        8


Dungeon Overview and Level Annotations

Branches:
Dungeon (7/15)
 Temple: D:4-7

Altars:
Gozag
Hepliaklqana
Uskayaw

Shops:
D:2 *   D:6 (


Innate Abilities, Weirdness & Mutations

You have large cloven feet.
You sometimes emit foul miasma when damaged in melee.
You regenerate a little health from kills.


Message History

You block the bombardier beetle's attack.
You feel better. The liquid fire burns you!
* * * LOW HITPOINT WARNING * * *
Maggie is engulfed in dark miasma.
Maggie is poisoned.
Maggie seems to slow down.
Maggie gives herself a magical halo, but it quickly sputters out.
Maggie gestures wildly while chanting.
Maggie attempts to bespell you!
You are mesmerised by Maggie!
The bombardier beetle sprays incendiary fluid at you.
The burning spray hits you.
You are even more covered in liquid fire!
As you read the scroll of fear, it crumbles to dust.
You assume a fearsome visage.
Maggie looks frightened!
The bombardier beetle looks frightened!
The liquid fire burns you!
* * * LOW HITPOINT WARNING * * *
You break out of your daze!
Maggie is no longer moving slowly.
A bullfrog comes into view.
Maggie is engulfed in dark miasma.
Maggie looks even sicker.
Maggie seems to slow down.
You kill Maggie!
Your Armour skill increases to level 4!
Your Shields skill increases to level 4!
You shake off some of the fire as you move.
The liquid fire burns you!
* * * LOW HITPOINT WARNING * * *
The bullfrog gives a loud, deep croak!
Unknown command.
You shake off some of the fire as you move.
The liquid fire burns you!
* * * LOW HITPOINT WARNING * * *
You shake off some of the fire as you move.
The liquid fire burns you!
* * * LOW HITPOINT WARNING * * *
There is a stone staircase leading up here.
The liquid fire burns you!
You die...

#### ...# ...#
#..# #..#
##### #..#
......##..###
.......@....#
#####.##..#.#
#.....#.##
#..##....#
#...)......#
...........#.#
#######F#B## #
#.#.# .....


You could see a bombardier beetle (fleeing).

Vanquished Creatures
  Pikel (D:4)
  Maggie (D:7)
  Grinder (D:5)
  Prince Ribbit (D:6)
  Sigmund (D:4)
  Duvessa (D:4)
  4 ogres
  A lemure (D:4)
  Blork the orc (D:6)
  5 scorpions
  Dowan (D:4)
  A hound (D:2)
  2 bombardier beetles
  2 gnoll boudas (D:6)
  2 sleepcaps
  2 iguanas (D:6)
  2 orc wizards
  8 gnolls (D:6)
  9 adders
  A white imp (D:6)
  4 ribbon worms
  19 orcs
  3 ball pythons
  6 bats
  11 endoplasms
  4 giant cockroaches
  4 goblins (D:1)
  8 hobgoblins
  6 jackals
  A quokka (D:5)
  2 frilled lizards (D:1)
  9 kobolds
  5 rats
129 creatures vanquished.

Notes
Turn   | Place    | Note
-------+----------+-------------------------------------------
     0 | D:1      | Adrian566 the Demonspawn Gladiator began the quest for the
                  | Orb.
     0 | D:1      | Reached XP level 1. HP: 16/16 MP: 1/1
   177 | D:1      | Gained mutation: You may rarely emit foul miasma when
                  | damaged in melee. [demonic ancestry]
   177 | D:1      | Reached XP level 2. HP: 12/22 MP: 2/2
   237 | D:1      | Reached skill level 3 in Long Blades
   560 | D:1      | Reached XP level 3. HP: 28/28 MP: 3/3
   874 | D:2      | You fall into a shaft and drop 2 floors!
   915 | D:4      | Found an opulent altar of Gozag.
  1347 | D:2      | Found Oczuffo's General Store.
  1356 | D:2      | Bought a scroll of identify for 20 gold pieces
  1356 | D:2      | Bought a scroll of identify for 20 gold pieces
  1427 | D:2      | Reached skill level 1 in Armour
  1427 | D:2      | Reached XP level 4. HP: 29/34 MP: 4/4
  1697 | D:2      | Found a faded altar of an unknown god.
  2426 | D:4      | Noticed Sigmund
  2429 | D:4      | Noticed a lemure
  2430 | D:4      | Noticed Pikel
  2431 | D:4      | Noticed a lemure
  2431 | D:4      | Noticed a lemure
  2505 | D:4      | Reached skill level 4 in Long Blades
  2505 | D:4      | Reached skill level 1 in Stealth
  2505 | D:4      | Gained mutation: You sometimes emit foul miasma when
                  | damaged in melee. [demonic ancestry]
  2505 | D:4      | Reached XP level 5. HP: 21/41 MP: 5/5
  2971 | D:4      | Found a hazy altar of Hepliaklqana.
  3132 | D:4      | Killed Sigmund
  3133 | D:4      | Reached skill level 1 in Shields
  3133 | D:4      | Reached XP level 6. HP: 22/47 MP: 6/6
  3268 | D:4      | Noticed Duvessa
  3268 | D:4      | Noticed Dowan
  3437 | D:4      | Killed Duvessa
  3438 | D:4      | Reached skill level 5 in Long Blades
  3438 | D:4      | Gained mutation: You regenerate a little health from kills.
                  | [demonic ancestry]
  3438 | D:4      | Reached XP level 7. HP: 42/52 MP: 7/7
  3471 | D:4      | Killed Dowan
  3725 | D:4      | Killed Pikel
  3726 | D:4      | Gained mutation: You have large cloven feet. [demonic
                  | ancestry]
  3726 | D:4      | Reached XP level 8. HP: 28/60 MP: 8/8
  4009 | D:5      | Entered Level 5 of the Dungeon
  4051 | D:5      | Noticed Grinder
  4071 | D:5      | Reached skill level 6 in Long Blades
  4072 | D:5      | Paralysed by Grinder for 4 turns
  4084 | D:5      | Killed Grinder
  5008 | D:6      | Reached skill level 7 in Long Blades
  5065 | D:6      | Noticed Blork the orc
  5072 | D:6      | Killed Blork the orc
  5132 | D:6      | Found Oceukiach's Weapon Emporium.
  5316 | D:6      | Reached XP level 9. HP: 64/67 MP: 9/9
  5351 | D:6      | Reached skill level 5 in Fighting
  5499 | D:6      | Noticed Prince Ribbit
  5543 | D:6      | Killed Prince Ribbit
  5544 | D:6      | Reached skill level 5 in Stealth
  5825 | D:6      | Found a hide-covered altar of Uskayaw.
  6113 | D:7      | Noticed Maggie
  6132 | D:7      | Killed Maggie
  6135 | D:7      | HP: 2/68 [burnt (5)]
  6136 | D:7      | Incinerated by a bombardier beetle

Illustrated notes

Levels and vault maps discovered:
D:1:      eino_arrival_water_star, layout_loops_ring,
          kennysheep_decorative_pillar
D:2:      layout_basic, serial_shops, shop, shapermc_ecumenical_altar_hornbeckon
D:3:      layout_basic, guppyfry_early_lair_pool
D:4:      layout_gridville, nicolae_gozag_cash_rules_everything_around_me,
          mainiacjoe_overflow_cross_hatched, minmay_fractal_squares_gapless_5,
          uniq_duvessa, uniq_pikel, uniq_sigmund
D:5:      wad_lake_hut, layout_rooms, kennysheep_little_box,
          kennysheep_generic_room_13, uniq_grinder
D:6:      layout_basic, kennysheep_mini_moat, serial_shops,
          nicolae_shop_temple_entry_statues_fountains, uniq_prince_ribbit1,
          uniq_blork_the_orc
D:7:      layout_loops_ring, nicolae_ru_path_of_blood,
          minmay_temple_entry_glass, serial_shops, nicolae_shop_gibbet_a_chance,
          uniq_menkaure, uniq_maggie

Skill      XL: |  1  2  3  4  5  6  7  8  9 |
---------------+----------------------------+-----
Long Blades    | 3 4 5 7 |  7.7
Armour         | 1 2 3 4 |  4.1
Dodging        | 3 |  3.6
Fighting       | 3 4 5 |  5.2
Stealth        | 1 2 3 4 5 |  5.2
Shields        | 1 2 3 4 |  4.0
Throwing       | |  1.9

Action                     |  1- 3 |  4- 6 |  7- 9 || total
---------------------------+-------+-------+-------++-------
  Melee: Long sword        |   110 |   136 |   260 ||   506
         Kick              |       |       |    93 ||    93
    Use: Scroll            |     8 |     1 |     1 ||    10
         Potion            |       |     1 |     1 ||     2
   Stab: Sleeping          |     1 |       |       ||     1
 Armour: Leather armour    |    41 |       |       ||    41
         Chain mail        |    50 |    94 |   161 ||   305
  Dodge: Dodged            |    72 |    36 |   113 ||   221
  Block: Kite shield       |     2 |    62 |   159 ||   223

Table legend: (Time is in decaauts)
 A = Elapsed time spent in this place.
 B = Non-inter-level travel time spent in this place.
 C = Inter-level travel time spent in this place.
 D = Time resting spent in this place.
 E = Time spent auto-exploring this place.
 F = Levels seen in this place.
 G = Mean time per level.
                   A        B        C        D        E       F      G
               +--------+--------+--------+--------+--------+-----+--------+
         Total |   6338 |   5881 |    457 |    336 |   4344 |   7 |  905.4 |
       Dungeon |   6338 |   5881 |    457 |    336 |   4344 |   7 |  905.4 |
               +--------+--------+--------+--------+--------+-----+--------+

Top non-repeatable levels by time:
     D:4: 1554 daAuts
     D:6: 1405 daAuts
     D:3: 880 daAuts
     D:2: 872 daAuts
     D:1: 817 daAuts
     D:5: 781 daAuts
     D:7: 26 daAuts
